BSA
SPRINGFIELD STARS @ NASSAU ROCKETS
08/20/2028
 
TOP OF THE 1ST
Springfield Stars batting - Pitching for Nassau Rockets : LHP Ben Moody
Pitching: LHP Ben Moody
Batting: SHB Shane Hutchinson 0-0: Called Strike
0-1: Foul Ball, location: 2F
0-2: Ball
1-2: Ball
2-2: Ball
3-2: Fly out, F9 (Flyball, 9D)
Batting: RHB Calvin Bennett 0-0: Called Strike
0-1: Ball
1-1: Called Strike
1-2: Ball
2-2: Foul Ball, location: 2F
2-2: Foul Ball, location: 2F
2-2: Ball
3-2: DOUBLE (Line Drive, 7LS)
Batting: RHB Norberto Taváres 0-0: Called Strike
0-1: Ball
1-1: Called Strike
1-2: Ball
2-2: Ball
3-2: Ground out 3-1 (Groundball, 34S)
Calvin Bennett to third
Batting: LHB Felipe Guerrero 0-0: Foul Ball, location: 2F
0-1: Ball
1-1: Ball
2-1: Foul Ball, location: 2F
2-2: Ball
3-2: Foul Ball, location: 2F
3-2: Foul Ball, location: 2F
3-2: SINGLE (Line Drive, 8LS)
Calvin Bennett scores
Batting: LHB Elliott Newell 0-0: Called Strike
0-1: Ball
1-1: Ball
2-1: Foul Ball, location: 2F
2-2: 2-RUN HOME RUN (Flyball, 7LD), Distance : 334 ft
Batting: SHB Giancarlo Giannini 0-0: Fly out, F9 (Flyball, 9D)
Top of the 1st over - 3 run(s), 3 hit(s), 0 error(s), 0 left on base; Springfield 3 - Nassau 0
BOTTOM OF THE 1ST
Nassau Rockets batting - Pitching for Springfield Stars : RHP Hyo-chin Ch'oe
Pitching: RHP Hyo-chin Ch'oe
Batting: LHB Don Ramey 0-0: Foul Ball, location: 2F
0-1: Ball
1-1: Foul Ball, location: 2F
1-2: SINGLE (Groundball, 34D)
Batting: LHB Doug Thompson 0-0: Called Strike
0-1: SINGLE (Groundball, 3D)
Don Ramey to second
Runner from 2nd tries for 3rd, SAFE, throw made to third
Batting: LHB Juan Romero 0-0: Ball
1-0: Ball
2-0: Called Strike
2-1: Ball
3-1: Swinging Strike
3-2: Foul Ball, location: 2F
3-2: Foul Ball, location: 2F
3-2: Fly out, F5 (Popup, 5L)
Batting: LHB Andrew Alvarado 0-0: Ball
1-0: Called Strike
1-1: Fly out, F8 (Line Drive, 8LM)
Throwing error, E8
Don Ramey scores
Doug Thompson to second
Batting: SHB Howard Parker 0-0: Called Strike
0-1: Ball
1-1: Ball
Wild Pitch!
Doug Thompson to third
2-1: Ball
3-1: Foul Ball, location: 2F
3-2: Foul Ball, location: 2F
3-2: Foul Ball, location: 2F
3-2: Base on Balls
Batting: LHB Wilson Allen 0-0: Swinging Strike
0-1: Ball
1-1: Ground out 4-3 (Groundball, 34)
Bottom of the 1st over - 1 run(s), 2 hit(s), 1 error(s), 2 left on base; Springfield 3 - Nassau 1
TOP OF THE 2ND
Springfield Stars batting - Pitching for Nassau Rockets : LHP Ben Moody
Batting: LHB Jesús Tobías 0-0: Ball
1-0: Called Strike
1-1: Foul Ball, location: 2F
1-2: SINGLE (Line Drive, 4MD)
Batting: RHB Juan Carlos Rodríguez 0-0: Ball
1-0: Called Strike
1-1: Foul Ball, location: 2F
1-2: Foul Ball, location: 2F
1-2: Grounds into double play, 5-4-3 (Groundball, 56)
Batting: RHB Will Sterling 0-0: Called Strike
0-1: Foul Ball, location: 2F
0-2: Ground out 5-3 (Groundball, 56)
Top of the 2nd over - 0 run(s), 1 hit(s), 0 error(s), 0 left on base; Springfield 3 - Nassau 1
BOTTOM OF THE 2ND
Nassau Rockets batting - Pitching for Springfield Stars : RHP Hyo-chin Ch'oe
Batting: RHB Salvador Borbón 0-0: Called Strike
0-1: Ball
1-1: Swinging Strike
1-2: Strikes out swinging
Batting: LHB Shiro Ueno 0-0: Called Strike
0-1: Swinging Strike
0-2: Ball
1-2: SINGLE (Line Drive, 89S)
Batting: LHB Rafael Delgado 0-0: Ball
1-0: Ball
2-0: Fly out, F9 (Flyball, 9LM)
Batting: LHB Don Ramey 0-0: Ball
1-0: Ball
2-0: Called Strike
2-1: Swinging Strike
2-2: SINGLE (Groundball, 34) (infield hit)
Shiro Ueno to second
Batting: LHB Doug Thompson 0-0: Called Strike
0-1: Called Strike
0-2: Foul Ball, location: 2F
0-2: SINGLE (Line Drive, 56D)
Shiro Ueno to third
Don Ramey to second
Runner from 3rd tries for Home, SAFE, throw made home
Batting: LHB Juan Romero 0-0: Ball
1-0: Fly out, F2 (Popup, 13S)
Bottom of the 2nd over - 1 run(s), 3 hit(s), 0 error(s), 2 left on base; Springfield 3 - Nassau 2
TOP OF THE 3RD
Springfield Stars batting - Pitching for Nassau Rockets : LHP Ben Moody
Batting: SHB Shane Hutchinson 0-0: Called Strike
0-1: Called Strike
0-2: Ball
1-2: Strikes out looking
Batting: RHB Calvin Bennett 0-0: Ball
1-0: Ball
2-0: Swinging Strike
2-1: Foul Ball, location: 2F
2-2: Fly out, F8 (Flyball, 8RS)
Batting: RHB Norberto Taváres 0-0: Ball
1-0: Called Strike
1-1: Foul Ball, location: 2F
1-2: Ball
2-2: Ball
3-2: Fly out, F9 (Flyball, 89S)
Top of the 3rd over - 0 run(s), 0 hit(s), 0 error(s), 0 left on base; Springfield 3 - Nassau 2
BOTTOM OF THE 3RD
Nassau Rockets batting - Pitching for Springfield Stars : RHP Hyo-chin Ch'oe
Batting: LHB Andrew Alvarado 0-0: Ball
1-0: Called Strike
1-1: Fly out, F5 (Flyball, 56D)
Batting: SHB Howard Parker 0-0: Ball
1-0: Called Strike
1-1: Fly out, F7 (Flyball, 78S)
Batting: LHB Wilson Allen 0-0: Ball
1-0: Swinging Strike
1-1: Foul Ball, location: 2F
1-2: Ball
2-2: Ground out U3 (Groundball, 34)
Bottom of the 3rd over - 0 run(s), 0 hit(s), 0 error(s), 0 left on base; Springfield 3 - Nassau 2
TOP OF THE 4TH
Springfield Stars batting - Pitching for Nassau Rockets : LHP Ben Moody
Batting: LHB Felipe Guerrero 0-0: Ball
1-0: Called Strike
1-1: SINGLE (Groundball, 56D)
Batting: LHB Elliott Newell 0-0: Called Strike
0-1: Foul Ball, location: 2F
0-2: Ball
1-2: Strikes out looking
Batting: SHB Giancarlo Giannini 0-0: Foul Ball, location: 2F
0-1: Foul Ball, location: 2F
0-2: Ball
1-2: Strikes out looking
Felipe Guerrero is caught stealing 2nd base
Batter strikes out.
Top of the 4th over - 0 run(s), 1 hit(s), 0 error(s), 0 left on base; Springfield 3 - Nassau 2
BOTTOM OF THE 4TH
Nassau Rockets batting - Pitching for Springfield Stars : RHP Hyo-chin Ch'oe
Batting: RHB Salvador Borbón 0-0: Ball
1-0: Ball
2-0: Called Strike
2-1: Foul Ball, location: 2F
2-2: Strikes out swinging
Batting: LHB Shiro Ueno 0-0: Foul Ball, location: 2F
0-1: Ball
1-1: Swinging Strike
1-2: SINGLE (Line Drive, 6D)
Batting: LHB Rafael Delgado 0-0: Ball
1-0: Called Strike
1-1: Called Strike
1-2: Ball
2-2: Ball
3-2: SINGLE (Groundball, 4MD)
Shiro Ueno to second
Batting: LHB Don Ramey 0-0: Called Strike
0-1: Called Strike
0-2: Ball
1-2: Fly out, F7 (Flyball, 7S)
Batting: LHB Doug Thompson 0-0: Ball
1-0: Ball
2-0: Foul Ball, location: 2F
2-1: Swinging Strike
2-2: Foul Ball, location: 2F
2-2: Ball
3-2: Strikes out swinging
Bottom of the 4th over - 0 run(s), 2 hit(s), 0 error(s), 2 left on base; Springfield 3 - Nassau 2
TOP OF THE 5TH
Springfield Stars batting - Pitching for Nassau Rockets : LHP Ben Moody
Batting: LHB Jesús Tobías 0-0: Ball
1-0: Called Strike
1-1: Ball
2-1: Ball
3-1: Foul Ball, location: 2F
3-2: Foul Ball, location: 2F
3-2: SINGLE (Groundball, 4MD)
Batting: RHB Juan Carlos Rodríguez 0-0: Ball
1-0: Called Strike
1-1: Called Strike
1-2: DOUBLE (Line Drive, 7LD)
Jesús Tobías to third
Batting: RHB Will Sterling 0-0: Called Strike
0-1: Ball
1-1: Foul Ball, location: 2F
1-2: SINGLE (Groundball, 6MD)
Jesús Tobías scores
Juan Carlos Rodríguez to third
Batting: SHB Shane Hutchinson 0-0: Called Strike
0-1: Foul Ball, location: 2F
0-2: Fly out, F8 (Flyball, 89D)
Runner from 3rd tags up, SCORES, no throw
Pitching: RHP Tomás Molina
Batting: RHB Calvin Bennett 0-0: Ball
1-0: Ball
2-0: Called Strike
2-1: Foul Ball, location: 2F
2-2: Ball
3-2: Base on Balls
Will Sterling to second
Batting: RHB Norberto Taváres 0-0: Ball
1-0: Called Strike
1-1: Swinging Strike
1-2: Strikes out looking
Batting: LHB Felipe Guerrero 0-0: Ball
1-0: Foul Ball, location: 2F
1-1: Ball
2-1: Ball
Wild Pitch!
Will Sterling to third
Calvin Bennett to second
3-1: Called Strike
3-2: Foul Ball, location: 2F
3-2: Fly out, F9 (Flyball, 9LD)
Top of the 5th over - 2 run(s), 3 hit(s), 0 error(s), 2 left on base; Springfield 5 - Nassau 2
BOTTOM OF THE 5TH
Nassau Rockets batting - Pitching for Springfield Stars : RHP Hyo-chin Ch'oe
Pitching: RHP George Lockhart
Batting: LHB Juan Romero 0-0: Fly out, F9 (Flyball, 9LD)
Batting: LHB Andrew Alvarado 0-0: Ball
1-0: Ball
2-0: Ball
3-0: Base on Balls
Batting: SHB Howard Parker 0-0: Ball
1-0: Ball
2-0: Ball
3-0: Called Strike
3-1: Foul Ball, location: 2F
3-2: Strikes out swinging
Andrew Alvarado is caught stealing 2nd base
Batter strikes out.
Bottom of the 5th over - 0 run(s), 0 hit(s), 0 error(s), 0 left on base; Springfield 5 - Nassau 2
TOP OF THE 6TH
Springfield Stars batting - Pitching for Nassau Rockets : RHP Tomás Molina
Batting: LHB Elliott Newell 0-0: Called Strike
0-1: Ball
1-1: Ball
2-1: Ball
3-1: Called Strike
3-2: Ground out 4-3 (Groundball, 4)
Batting: SHB Giancarlo Giannini 0-0: Called Strike
0-1: Swinging Strike
0-2: Foul Ball, location: 2F
0-2: Strikes out looking
Batting: LHB Jesús Tobías 0-0: Ball
1-0: Ball
2-0: Ball
3-0: Called Strike
3-1: Base on Balls
Batting: RHB Juan Carlos Rodríguez 0-0: Ball
1-0: Foul Ball, location: 2F
1-1: Foul Ball, location: 2F
1-2: Ball
2-2: Foul Ball, location: 2F
2-2: Ground out 5-3 (Groundball, 56S)
Top of the 6th over - 0 run(s), 0 hit(s), 0 error(s), 1 left on base; Springfield 5 - Nassau 2
BOTTOM OF THE 6TH
Nassau Rockets batting - Pitching for Springfield Stars : RHP George Lockhart
Batting: LHB Wilson Allen 0-0: Ball
1-0: Called Strike
1-1: Foul Ball, location: 2F
1-2: Foul Ball, location: 2F
1-2: Strikes out swinging, 2-3 out at first.
Batting: RHB Salvador Borbón 0-0: Ball
1-0: Ball
2-0: Ball
3-0: Base on Balls
Batting: LHB Shiro Ueno 0-0: Called Strike
0-1: Called Strike
0-2: Ball
1-2: Fly out, F5 (Flyball, 5D)
Batting: LHB Rafael Delgado 0-0: Foul Ball, location: 2F
0-1: Called Strike
0-2: Strikes out swinging
Bottom of the 6th over - 0 run(s), 0 hit(s), 0 error(s), 1 left on base; Springfield 5 - Nassau 2
TOP OF THE 7TH
Springfield Stars batting - Pitching for Nassau Rockets : RHP Tomás Molina
Batting: RHB Will Sterling 0-0: Ball
1-0: Ball
2-0: Foul Ball, location: 2F
2-1: Foul Ball, location: 2F
2-2: Ball
3-2: Fly out, F8 (Flyball, 8RD)
Pitching: RHP John Allan
Batting: SHB Shane Hutchinson 0-0: Ball
1-0: Called Strike
1-1: Ball
2-1: Swinging Strike
2-2: Ball
3-2: Fly out, F8 (Flyball, 8LS)
Batting: RHB Calvin Bennett 0-0: Ball
1-0: Ball
2-0: Called Strike
2-1: Foul Ball, location: 2F
2-2: Foul Ball, location: 2F
2-2: Ball
3-2: Fly out, F4 (Popup, 4D)
Top of the 7th over - 0 run(s), 0 hit(s), 0 error(s), 0 left on base; Springfield 5 - Nassau 2
BOTTOM OF THE 7TH
Nassau Rockets batting - Pitching for Springfield Stars : RHP George Lockhart
Batting: LHB Don Ramey 0-0: Fly out, F5 (Line Drive, 5D)
Batting: LHB Doug Thompson 0-0: Ball
1-0: Called Strike
1-1: Ball
2-1: Swinging Strike
2-2: Foul Ball, location: 2F
2-2: Ball
3-2: SINGLE (Line Drive, 78S)
Pitching: LHP Jeremy Meyer
Batting: LHB Juan Romero 0-0: Foul Ball, location: 2F
0-1: Foul Ball, location: 2F
0-2: Foul Ball, location: 2F
0-2: Ball
1-2: Ball
2-2: Ball
Wild Pitch!
Doug Thompson to second
3-2: Foul Ball, location: 2F
3-2: Base on Balls
Pitching: LHP Shan Liu
Batting: LHB Andrew Alvarado 0-0: Ball
1-0: Foul Ball, location: 2F
1-1: Foul Ball, location: 2F
1-2: SINGLE (Groundball, 56) (infield hit)
Doug Thompson to third
Juan Romero to second
Batting: SHB Howard Parker 0-0: Ball
1-0: Ball
2-0: Ground out 4-3 (Groundball, 4S)
Doug Thompson scores
Juan Romero to third
Andrew Alvarado to second
Pinch Hitting: RHB Brant Sherman 0-0: Swinging Strike
0-1: Called Strike
0-2: Strikes out swinging
Bottom of the 7th over - 1 run(s), 2 hit(s), 0 error(s), 2 left on base; Springfield 5 - Nassau 3
TOP OF THE 8TH
Springfield Stars batting - Pitching for Nassau Rockets : RHP John Allan
Now at 1B: Brant Sherman
Batting: RHB Norberto Taváres 0-0: SINGLE (Line Drive, 4D)
Batting: LHB Felipe Guerrero 0-0: Called Strike
0-1: Called Strike
0-2: 2-RUN HOME RUN (Flyball, 89XD), Distance : 475 ft
Pitching: RHP Bill Sampson
Batting: LHB Elliott Newell 0-0: Called Strike
0-1: Ball
1-1: Swinging Strike
1-2: Foul Ball, location: 2F
1-2: Foul Ball, location: 2F
1-2: Ball
2-2: Foul Ball, location: 2F
2-2: Ground out 4-3 (Groundball, 4)
Batting: SHB Giancarlo Giannini 0-0: Called Strike
0-1: Ball
1-1: Fly out, F7 (Flyball, 7LD)
Batting: LHB Jesús Tobías 0-0: Ball
1-0: Ball
2-0: Fly out, F8 (Flyball, 8RD)
Top of the 8th over - 2 run(s), 2 hit(s), 0 error(s), 0 left on base; Springfield 7 - Nassau 3
BOTTOM OF THE 8TH
Nassau Rockets batting - Pitching for Springfield Stars : LHP Shan Liu
Batting: RHB Salvador Borbón 0-0: Called Strike
0-1: DOUBLE (Flyball, 78D)
Pitching: RHP Luis Cortéz
Batting: LHB Shiro Ueno 0-0: Ball
1-0: Foul Ball, location: 2F
1-1: Called Strike
1-2: Foul Ball, location: 2F
1-2: Fly out, F7 (Flyball, 7S)
Batting: LHB Rafael Delgado 0-0: Ball
1-0: Swinging Strike
1-1: SINGLE (Groundball, 34D)
Salvador Borbón to third
Pitching: RHP Jorge Delgado
Batting: LHB Don Ramey 0-0: Called Strike
0-1: Ball
1-1: Called Strike
1-2: Ground out 6-3 (Groundball, 6S)
Salvador Borbón scores
Rafael Delgado to second
Batting: LHB Doug Thompson 0-0: Ball
1-0: Ball
2-0: Ball
3-0: Called Strike
3-1: Base on Balls
Batting: LHB Juan Romero 0-0: Fielders Choice at 2nd, 5-4 (Groundball, 56)
Bottom of the 8th over - 1 run(s), 2 hit(s), 0 error(s), 1 left on base; Springfield 7 - Nassau 4
TOP OF THE 9TH
Springfield Stars batting - Pitching for Nassau Rockets : RHP Bill Sampson
Batting: RHB Juan Carlos Rodríguez 0-0: Ball
1-0: Ball
2-0: SINGLE (Line Drive, 78S)
Batting: RHB Will Sterling 0-0: Called Strike
0-1: Grounds into double play, 4-6-3 (Groundball, 4)
Batting: SHB Shane Hutchinson 0-0: Called Strike
0-1: Ball
1-1: Foul Ball, location: 2F
1-2: Ball
2-2: Foul Ball, location: 2F
2-2: Foul Ball, location: 2F
2-2: Ball
3-2: Ground out 6-3 (Groundball, 6)
Top of the 9th over - 0 run(s), 1 hit(s), 0 error(s), 0 left on base; Springfield 7 - Nassau 4
BOTTOM OF THE 9TH
Nassau Rockets batting - Pitching for Springfield Stars : RHP Jorge Delgado
Pitching: RHP José Valdéz
Batting: LHB Andrew Alvarado 0-0: Ground out 4-3 (Groundball, 4)
Batting: SHB Howard Parker 0-0: Called Strike
0-1: Swinging Strike
0-2: Ball
1-2: Ball
2-2: Ball
3-2: Ground out U3 (Groundball, 3L)
Batting: RHB Brant Sherman 0-0: Ball
1-0: Called Strike
1-1: Ball
2-1: Ball
3-1: Base on Balls
Batting: RHB Salvador Borbón 0-0: Ball
1-0: Ground out 6-3 (Groundball, 56)
Bottom of the 9th over - 0 run(s), 0 hit(s), 0 error(s), 1 left on base; Springfield 7 - Nassau 4
Tuesday, August 8th, 2017 - OOTP Baseball 17.12 Build 75